 Dungeon Crawl Stone Soup version 0.20.1-1-g8b1a95d (webtiles) character file.

47207 Folque the Thaumaturge (level 14, -3/81 HPs)
             Began as an Octopode Wizard on Nov 12, 2017.
             Was a High Priest of Sif Muna.
             Slain by a water elemental (4 damage)
             ... on level 1 of the Shoals on Nov 14, 2017.
             The game lasted 03:03:50 (30586 turns).

Folque the Thaumaturge (Octopode Wizard)           Turns: 30586, Time: 03:03:50

Health: -3/81      AC:  2    Str: 20    XL:     14   Next: 40%
Magic:  5/31       EV: 17    Int: 26    God:    Sif Muna [*****.]
Gold:   1136       SH:  8    Dex: 14    Spells: 8/39 levels left

rFire    + . .     SeeInvis +   w - +3 demon whip (elec)
rCold    x . .     Gourm    +   f - +3 buckler
rNeg     + + +     Faith    .   a - +1 hat
rPois    +         Spirit   .   U - amulet "Rycilolul" {Gourm rN+ Int+2 Dex+4}
rElec    .         Reflect  .   i - ring of positive energy
rCorr    .         Harm     .   u - ring of see invisible
MR       ++...                  X - +5 ring of strength
Stlth    ++++......             Q - ring of Ascent {+Fly rPois MR+ Slay+2}
Regen    0.3/turn               A - ring "Mousuent" {Fire rPois rN++ Str+9 Dex-2}
MPRegen  0.3/turn               (no ring)
                                (no ring)
                                (no ring)

@: deflect missiles
A: almost no armour, stealthy swim, amphibious, 8 rings, constrict 8, camouflage
1, gelatinous body 1
a: Divine Energy, Channel Magic, Forget Spell, Renounce Religion, Evoke Flight


You were on level 1 of the Shoals.
You worshipped Sif Muna.
Sif Muna was extremely pleased with you.
You were very full.

You visited 4 branches of the dungeon, and saw 19 of its levels.
You also visited: Sewer.

You collected 1406 gold pieces.
You spent 270 gold pieces at shops.

Inventory:

Hand Weapons
 w - a +3 demon whip of electrocution (weapon)
 K - a +0 dire flail of holy wrath
 S - a +3 morningstar of crushing
Armour
 a - a +1 hat (worn)
 f - a +3 buckler (worn)
Jewellery
 i - a ring of positive energy (left tentacle)
 o - an uncursed ring of fire
 u - a ring of see invisible (right tentacle)
 y - the amulet "Jionkaesk" {Inacc rElec MR+}
   (You found it on level 6 of the Lair of Beasts)

   [amulet of inaccuracy]

   It reduces the accuracy of all your attacks.
   It insulates you from electricity.
   It affects your resistance to hostile enchantments.
 A - the ring "Mousuent" (on tentacle) {Fire rPois rN++ Str+9 Dex-2}
   (You found it on level 6 of the Lair of Beasts)

   [ring of fire]

   It enhances your fire magic.
   It affects your strength (+9).
   It affects your dexterity (-2).
   It protects you from fire.
   It makes you vulnerable to cold.
   It protects you from poison.
   It greatly protects you from negative energy.
 J - an uncursed amulet of regeneration
 Q - the ring of Ascent (on tentacle) {+Fly rPois MR+ Slay+2}
   (You acquired it on level 10 of the Dungeon)

   [ring of protection from magic]

   It affects your accuracy and damage with ranged weapons and melee attacks
   (+2).
   It protects you from poison.
   It affects your resistance to hostile enchantments.
   It lets you fly.
 U - the amulet "Rycilolul" (around mantle) {Gourm rN+ Int+2 Dex+4}
   (You took it off an orc warrior on level 10 of the Dungeon)

   [amulet of the gourmand]

   It allows you to eat raw meat even when not hungry.
   It affects your intelligence (+2).
   It affects your dexterity (+4).
   It protects you from negative energy.
 X - a +5 ring of strength (on tentacle)
Wands
 m - a wand of paralysis (9/24)
 n - a wand of scattershot (2/9)
 N - a wand of lightning (12/15)
 P - a wand of enslavement (18/24)
 R - a wand of disintegration (12/24)
 V - a wand of random effects (29/48)
Scrolls
 h - 3 scrolls of remove curse
 q - 2 scrolls of blinking
 s - 6 scrolls of magic mapping
 x - 8 scrolls of identify
 D - 4 scrolls of teleportation
 F - a scroll of fear
 G - a scroll of fog
 O - a scroll of silence
 W - a scroll of recharging
Potions
 d - 4 potions of heal wounds
 e - 5 potions of agility
 g - 5 potions of curing
 k - 4 potions of flight
 r - a potion of invisibility
 t - a potion of resistance
 v - 3 potions of lignification
 z - 2 potions of magic
 H - a potion of brilliance
 T - 2 potions of ambrosia
Books
 p - Sif Muna's Volume of Frigorific Talismans
   (Sif Muna gifted it to you on level 3 of the Lair of Beasts)

   Spells                             Type                      Level
   a - Ensorcelled Hibernation        Hexes/Ice                    2
   b - Spectral Weapon                Hexes/Charms                 3
   c - Excruciating Wounds            Charms/Necromancy            5
   d - Deflect Missiles               Charms/Air                   6
   e - Bolt of Cold                   Conjuration/Ice              6
 E - a book of Fire

   Spells                             Type                      Level
   a - Ignite Poison                  Fire/Transmutation/Poison    3
   b - Fireball                       Conjuration/Fire             5
   c - Bolt of Fire                   Conjuration/Fire             6
   d - Ring of Flames                 Charms/Fire                  7
   e - Ignition                       Fire                         8
 I - Sif Muna's Incunabulum of Combat Magic
   (Sif Muna gifted it to you on level 6 of the Lair of Beasts)

   Spells                             Type                      Level
   a - Sting                          Conjuration/Poison           1
   b - Force Lance                    Conjuration/Translocation    4
   c - Venom Bolt                     Conjuration/Poison           5
   d - Conjure Ball Lightning         Conjuration/Air              6
 L - a book of Frost

   Spells                             Type                      Level
   a - Freeze                         Ice                          1
   b - Throw Frost                    Conjuration/Ice              2
   c - Ozocubu's Armour               Charms/Ice                   3
   d - Throw Icicle                   Conjuration/Ice              4
   e - Summon Ice Beast               Ice/Summoning                4
 M - a book of Summonings

   Spells                             Type                      Level
   a - Recall                         Summoning/Translocation      3
   b - Aura of Abjuration             Summoning                    5
   c - Summon Demon                   Summoning                    5
   d - Summon Forest                  Summoning/Translocation      5
   e - Summon Mana Viper              Hexes/Summoning              5
   f - Shadow Creatures               Summoning                    6
 Y - a book of Burglary

   Spells                             Type                      Level
   a - Swiftness                      Charms/Air                   2
   b - Passwall                       Transmutation/Earth          2
   c - Passage of Golubria            Translocation                4
   d - Lee's Rapid Deconstruction     Earth                        5
   e - Darkness                       Hexes                        6
   f - Invisibility                   Hexes                        6
Miscellaneous
 l - a lightning rod (4/4)
Comestibles
 c - 10 bread rations
 B - 12 royal jellies
 C - 9 fruits
 Z - 2 meat rations


   Skills:
 - Level 2.0 Fighting
 - Level 7.0 Dodging
 - Level 2.6 Stealth
 - Level 6.0 Shields
 + Level 13.2 Spellcasting
 * Level 7.6 Conjurations
 - Level 7.0 Charms
 - Level 11.3 Summonings
 - Level 2.0 Translocations
 - Level 6.0 Ice Magic
 - Level 5.0 Air Magic
 - Level 3.6 Poison Magic
 - Level 5.0 Invocations


You had 8 spell levels left.
You knew the following spells:

 Your Spells              Type           Power        Failure   Level  Hunger
a - Magic Dart            Conj           ####         1%          1    None
b - Call Imp              Summ           ######..     1%          2    None
c - Blink                 Tloc           N/A          2%          2    None
d - Mephitic Cloud        Conj/Pois/Air  #####...     1%          3    None
e - Summon Ice Beast      Ice/Summ       ######..     1%          4    None
f - Summon Lightning Spi  Summ/Air       ######..     1%          4    None
g - Throw Icicle          Conj/Ice       ######..     1%          4    None
h - Deflect Missiles      Chrm/Air       #####.....   38%         6    #####..
i - Summon Forest         Summ/Tloc      ######....   6%          5    ##.....


Dungeon Overview and Level Annotations

Branches:
Dungeon (11/15)            Temple (1/1) D:4            Lair (6/6) D:9
 Shoals (1/4) Lair:2        Snake (0/4) Lair:4        Slime (0/5) Lair:5
    Orc (0/2) D:11

Altars:
Ashenzari
Cheibriados
Dithmenos
Elyvilon
Fedhas
Gozag
Hepliaklqana
Kikubaaqudgha
Makhleb
Nemelex Xobeh
Okawaru
Qazlal
Ru
Sif Muna
Trog
Uskayaw
Vehumet
Xom
Yredelemnul
Zin
The Shining One
Jiyva

Shops:
D:10 !

Annotations:
Lair:3 exclusion: oklob plant


Innate Abilities, Weirdness & Mutations

You cannot wear most types of armour.
You are very stealthy in the water. (Stealth+)
You are amphibious.
You can wear up to eight rings at the same time.
You can use your tentacles to constrict eight enemies at once.
Your skin changes colour to match your surroundings (Stealth+).
Your rubbery body absorbs attacks. (AC +1, EV +1)


Message History

You hear a shout! x3
The harpy closely misses you. You block the harpy's attack.
You whack the harpy! You grab the harpy.
The harpy is moderately wounded.
You constrict the harpy. The harpy misses you. You block the harpy's attack.
The harpy barely misses you. The harpy misses you. The harpy claws you!
* * * LOW HITPOINT WARNING * * *
The harpy claws you!
* * * LOW HITPOINT WARNING * * *
The merfolk siren chants a haunting song.
You resist.
The harpy struggles to escape constriction.
The merfolk siren chants a haunting song.
You resist.
Casting: Blink
Confirm with . or Enter, or press ? or * to list all spells.
You blink.
You lose your grip on the harpy.
Floosh!
The water elemental hits you.
You die...

≈≈........≈≈≈≈≈≈≈≈≈≈≈≈≈≈≈≈≈≈≈≈≈≈≈
≈≈...≈..≈≈≈≈≈≈≈≈≈≈≈≈≈≈≈≈m≈≈≈≈≈≈≈≈
≈≈≈≈≈≈...≈≈≈≈≈≈≈≈≈≈≈≈≈≈♣≈≈≈≈≈≈≈≈≈
≈≈≈≈≈≈..#.≈≈≈≈≈≈≈≈≈≈≈...Y≈≈m≈≈≈≈≈
.###≈≈≈≈≈≈≈§≈))#♣.≈≈≈H.≈≈≈≈
#.≈≈≈≈≈H≈≈..♣#..≈≈Y≈)≈≈≈
.)≈≈≈≈≈.....(#..≈≈Y≈≈≈≈≈
.≈≈≈≈≈EHH...###.≈t.≈≈≈≈≈
.≈≈≈≈≈≈@..##♣ #§...≈≈≈≈≈
..≈≈≈≈≈≈..# ♣.8.....≈.
≈≈≈≈≈.≈≈.........≈≈≈≈.♣.
≈≈≈≈.##.........≈..♣#... ≈≈≈..
##.......≈≈.#♣ ♣#. ≈≈≈≈
≈≈≈.≈≈....# ≈≈≈ ≈≈≈≈≈≈....> ≈≈≈
≈≈≈≈........


You could see a water elemental and 3 harpies.

Vanquished Creatures
  5 hydras
  A merfolk avatar (Lair:6)
  2 death yaks (Lair:4)
  A sea snake (Shoals:1)
  An unseen horror (D:11)
  A harpy (Shoals:1)
  A faun (Shoals:1)
  3 elephants (Lair:3)
  A black mamba (Lair:3)
  15 spiny frogs
  2 rime drakes (Lair:6)
  4 komodo dragons
  A troll (D:9)
  A hornet (Lair:6)
  A queen bee (Lair:1)
  A polar bear (Lair:6)
  Grinder (D:4)
  4 blink frogs
  A wind drake (Shoals:1)
  5 hippogriffs
  A water elemental (Shoals:1)
  34 yaks
  Eustachio (D:5)
  3 wyverns
  A basilisk (Lair:3)
  A hungry ghost (D:9)
  A steam dragon (D:9)
  2 nagas (Lair:4)
  Edmund (D:6)
  2 hell hounds (D:9)
  12 water moccasins
  5 porcupines
  4 orc warriors
  Purgy (Sewer)
  An ice beast (D:9)
  3 sky beasts
  A black bear (D:9)
  A phantom (D:3)
  4 wolves
  4 ogres
  6 centaurs
  10 crocodiles
  14 bullfrogs
  4 scorpions
  5 killer bees (Lair:1)
  2 wights (D:10)
  2 electric eels (D:9)
  A vampire bat (D:4)
  A crimson imp (D:7)
  A quasit (D:9)
  A jelly (D:9)
  5 hounds
  A bullfrog skeleton (D:10)
  9 orc priests
  15 orc wizards
  4 iguanas
  9 worker ants
  A killer bee zombie (D:10)
  A hound skeleton (D:9)
  2 worker ant zombies
  6 gnolls
  9 adders
  3 shadow imps
  2 oozes
  2 dart slugs (D:1)
  3 leopard geckos
  36 orcs
  A ball python (D:4)
  2 bat skeletons (D:4)
  2 bat zombies (D:4)
  10 giant cockroaches
  3 goblins
  5 hobgoblins
  8 jackals
  6 kobolds
  4 quokkas
  2 bats
  3 frilled lizards
  A giant cockroach zombie (D:5)
  A jackal skeleton (D:7)
  A leopard gecko zombie (D:5)
  4 rats
  2 fungi
  5 plants
350 creatures vanquished.

Vanquished Creatures (collateral kills)
  Rupert (Lair:6)
  A dire elephant (Lair:6)
  A merfolk impaler (Shoals:1)
  4 hydras
  A two-headed ogre (D:11)
  A centaur warrior (D:11)
  6 death yaks
  2 sea snakes (Lair:6)
  Pikel (D:8)
  A manticore (Lair:6)
  A cyclops (D:10)
  5 elephants
  6 black mambas
  Joseph (D:8)
  A torpor snail (Lair:3)
  A gargoyle (D:10)
  3 spiny frogs (Lair:6)
  2 centaur skeletons (D:11)
  3 komodo dragons (Lair:6)
  3 rime drakes
  A merfolk (Shoals:1)
  2 polar bears (Lair:6)
  12 blink frogs
  A hippogriff (Lair:4)
  A wyvern (Lair:6)
  A water elemental (Shoals:1)
  A wraith (D:11)
  44 yaks
  2 steam dragons
  A hungry ghost (D:8)
  Menkaure (D:5)
  A naga (Lair:4)
  4 water moccasins
  3 porcupines
  5 orc warriors
  A swamp drake (D:11)
  6 ice beasts
  A phantom (D:8)
  A necrophage (D:9)
  An ogre (D:8)
  A wolf (Lair:4)
  2 centaurs
  3 crocodiles (Lair:6)
  2 bullfrogs
  A water moccasin zombie (D:9)
  A scorpion (D:6)
  10 killer bees (Lair:1)
  3 wights (D:10)
  An electric eel (D:9)
  2 vampire bats (D:4)
  A centaur zombie (D:5)
  2 jellies
  2 hounds
  4 orc wizards
  6 orc priests
  An iguana (D:7)
  5 adders
  A gnoll (D:3)
  A howler monkey skeleton (D:10)
  An adder zombie (D:8)
  2 worms
  A leopard gecko (D:2)
  17 orcs
  A bat zombie (D:4)
  2 hobgoblins (D:2)
  A kobold (D:2)
  2 rats (D:2)
  3 plants (Lair:6)
214 creatures vanquished.

Vanquished Creatures (others)
  An ice beast (D:8)
  4 slaves (D:8)
  A crimson imp (D:8)
  An orc (D:8)
  A quokka (D:8)
  30 fungi
  27 plants
  2 snaplasher vines (Lair:6)
67 creatures vanquished.

Grand Total: 631 creatures vanquished

Notes
Turn   | Place    | Note
-------+----------+-------------------------------------------
     0 | D:1      | Folque the Octopode Wizard began the quest for the Orb.
     0 | D:1      | Reached XP level 1. HP: 11/11 MP: 4/4
   154 | D:1      | Reached skill level 1 in Fighting
   154 | D:1      | Reached XP level 2. HP: 18/18 MP: 6/6
   996 | D:2      | Learned a level 2 spell: Call Imp
   999 | D:2      | Learned a level 2 spell: Blink
  1005 | D:2      | Reached XP level 3. HP: 24/24 MP: 0/7
  1032 | D:2      | Learned a level 3 spell: Mephitic Cloud
  1116 | D:2      | Found a deep blue altar of Sif Muna.
  1122 | D:2      | Became a worshipper of Sif Muna the Loreminder
  1351 | D:2      | Reached skill level 1 in Poison Magic
  1804 | D:3      | Reached XP level 4. HP: 28/29 MP: 6/9
  1962 | D:3      | Found a glowing drain.
  1989 | Sewer    | Entered a sewer
  2198 | Sewer    | Noticed Purgy
  2199 | Sewer    | Noticed Zogzag's ghost (amateur HuEE)
  2201 | Sewer    | Killed Purgy
  2201 | Sewer    | Reached XP level 5. HP: 34/34 MP: 4/10
  2317 | D:3      | Found an opulent altar of Gozag.
  2929 | D:3      | Found an iron altar of Okawaru.
  3007 | D:4      | Reached skill level 4 in Spellcasting
  3079 | D:4      | Reached XP level 6. HP: 39/39 MP: 7/12
  3117 | D:4      | Noticed Grinder
  3139 | D:4      | Paralysed by Grinder for 3 turns
  3290 | D:4      | Paralysed by Grinder for 4 turns
  3346 | D:4      | Paralysed by Grinder for 2 turns
  3351 | D:4      | Killed Grinder
  3357 | D:4      | Learned a level 4 spell: Summon Ice Beast
  3379 | D:4      | Reached * piety under Sif Muna
  3593 | D:4      | Reached skill level 1 in Ice Magic
  3710 | D:4      | Noticed a phantom
  4048 | D:3      | Killed a phantom
  4048 | D:3      | Reached XP level 7. HP: 14/45 MP: 0/13
  4765 | D:4      | Found an ancient bone altar of Kikubaaqudgha.
  4958 | D:4      | Found a staircase to the Ecumenical Temple.
  4967 | Temple   | Entered the Ecumenical Temple
  5530 | D:5      | Entered Level 5 of the Dungeon
  5555 | D:5      | Found a shattered altar of Ashenzari.
  5733 | D:5      | Found a sacrificial altar of Ru.
  5753 | D:5      | Noticed Eustachio
  5765 | D:5      | Reached XP level 8. HP: 40/50 MP: 6/14
  5836 | D:5      | HP: 2/50 [quasit[Eustachio] (2)]
  5841 | D:5      | Killed Eustachio
  6117 | D:5      | Reached ** piety under Sif Muna
  7179 | D:5      | Noticed Menkaure
  7187 | D:5      | Killed Menkaure
  7187 | D:5      | Reached skill level 5 in Summonings
  7635 | D:6      | Reached skill level 5 in Spellcasting
  7641 | D:6      | Learned a level 4 spell: Summon Lightning Spire
  8040 | D:7      | Reached skill level 1 in Air Magic
  9026 | D:6      | Reached skill level 6 in Spellcasting
  9026 | D:6      | Reached XP level 9. HP: 54/54 MP: 13/18
  9081 | D:6      | Reached skill level 1 in Invocations
  9256 | D:6      | Noticed Edmund
  9261 | D:6      | Found a sparkling altar of Nemelex Xobeh.
  9272 | D:6      | Killed Edmund
  9272 | D:6      | Reached *** piety under Sif Muna
  9396 | D:6      | Found a snail-covered altar of Cheibriados.
  9653 | D:6      | Found a stormy altar of Qazlal.
 10501 | D:7      | Found a shimmering altar of Xom.
 10505 | D:7      | Found a glowing golden altar of the Shining One.
 10664 | D:8      | Reached skill level 7 in Spellcasting
 10669 | D:8      | Noticed Joseph
 10686 | D:8      | Killed Joseph
 11017 | D:8      | Noticed Pikel
 11027 | D:8      | Killed Pikel
 11643 | D:8      | Reached skill level 5 in Invocations
 11809 | D:8      | Reached skill level 8 in Spellcasting
 12032 | D:8      | Reached skill level 5 in Conjurations
 12040 | D:8      | Learned a level 4 spell: Throw Icicle
 12256 | D:8      | HP: 2/54 [orc warrior/stone (5)]
 12452 | D:8      | Reached XP level 10. HP: 35/60 MP: 18/22
 13163 | D:8      | Reached **** piety under Sif Muna
 13520 | D:9      | Found a blossoming altar of Fedhas.
 13597 | D:9      | Reached skill level 9 in Spellcasting
 13711 | D:9      | Found a staircase to the Lair.
 14175 | D:9      | Reached skill level 1 in Shields
 14464 | D:9      | Reached skill level 10 in Spellcasting
 14983 | D:10     | Entered Level 10 of the Dungeon
 15415 | D:10     | Identified a scroll of acquirement
 15415 | D:10     | Identified the Reference Book on Necromancy (You acquired it on level 10 of the Dungeon)
 15428 | D:10     | Got a pitted silver ring
 15429 | D:10     | Identified the ring of Ascent {+Fly rPois MR+ Slay+2} (You acquired it on level 10 of the Dungeon)
 15733 | D:10     | Reached XP level 11. HP: 52/64 MP: 8/25
 15871 | D:10     | Noticed a cyclops
 15883 | D:10     | Killed a cyclops
 16000 | D:10     | Found Kiosch's Distillery.
 16005 | D:10     | Bought a potion of heal wounds for 75 gold pieces
 16005 | D:10     | Bought a potion of ambrosia for 120 gold pieces
 16005 | D:10     | Bought a potion of heal wounds for 75 gold pieces
 16045 | D:10     | Got a slimy garnet amulet
 16593 | D:11     | Reached skill level 5 in Shields
 17142 | D:11     | Noticed a centaur warrior
 17265 | D:11     | Killed a centaur warrior
 17272 | D:11     | Reached skill level 11 in Spellcasting
 17459 | D:11     | Noticed a two-headed ogre
 17472 | D:11     | Reached ***** piety under Sif Muna
 17480 | D:11     | Noticed an unseen horror
 17484 | D:11     | Killed a two-headed ogre
 17501 | D:11     | Killed an unseen horror
 17501 | D:11     | Received a gift from Sif Muna
 17862 | D:11     | Found a staircase to the Orcish Mines.
 18436 | Lair:1   | Entered Level 1 of the Lair of Beasts
 19561 | Lair:2   | Reached XP level 12. HP: 70/70 MP: 1/27
 19732 | Lair:2   | Reached skill level 5 in Dodging
 19954 | Lair:2   | Noticed an eight-headed hydra
 19962 | Lair:2   | Killed an eight-headed hydra
 19962 | Lair:2   | Reached skill level 5 in Ice Magic
 20205 | Lair:2   | Found a staircase to the Shoals.
 20362 | Lair:2   | Reached skill level 12 in Spellcasting
 20971 | Lair:2   | Identified the amulet "Rycilolul" {Gourm rN+ Int+2 Dex+4} (You took it off an orc warrior on level 10 of the Dungeon)
 21115 | Lair:3   | Noticed a six-headed hydra
 22729 | Lair:3   | Killed a six-headed hydra
 22753 | Lair:3   | Identified Sif Muna's Volume of Frigorific Talismans (Sif Muna gifted it to you on level 3 of the Lair of Beasts)
 22753 | Lair:3   | Received a gift from Sif Muna
 23182 | Lair:3   | Learned a level 6 spell: Deflect Missiles
 23246 | Lair:3   | Reached skill level 1 in Charms
 24529 | Lair:2   | Reached XP level 13. HP: 74/74 MP: 20/29
 24697 | Lair:4   | Reached skill level 13 in Spellcasting
 25159 | Lair:4   | Found a staircase to the Snake Pit.
 25213 | Lair:4   | Reached skill level 5 in Charms
 26014 | Lair:5   | Found a viscous altar of Jiyva.
 26014 | Lair:5   | Found a staircase to the Slime Pits.
 26458 | Lair:5   | Received a gift from Sif Muna
 26466 | Lair:5   | Learned a level 5 spell: Summon Forest
 26962 | Lair:6   | Entered Level 6 of the Lair of Beasts
 26970 | Lair:6   | Reached skill level 5 in Air Magic
 27146 | Lair:6   | Got a warped diamond amulet
 27148 | Lair:6   | Identified the amulet "Jionkaesk" {Inacc rElec MR+} (You found it on level 6 of the Lair of Beasts)
 28511 | Lair:6   | Noticed Rupert
 28532 | Lair:5   | Reached XP level 14. HP: 44/81 MP: 5/31
 28744 | Lair:6   | Reached skill level 10 in Summonings
 29132 | Lair:6   | Noticed a dire elephant
 29201 | Lair:6   | Identified Sif Muna's Incunabulum of Combat Magic (Sif Muna gifted it to you on level 6 of the Lair of Beasts)
 29201 | Lair:6   | Received a gift from Sif Muna
 29220 | Lair:6   | Got a slimy golden ring
 29221 | Lair:6   | Identified the ring "Mousuent" {Fire rPois rN++ Str+9 Dex-2} (You found it on level 6 of the Lair of Beasts)
 29314 | Lair:6   | Killed Rupert
 29384 | Lair:6   | Killed a dire elephant
 30165 | Shoals:1 | Entered Level 1 of the Shoals
 30585 | Shoals:1 | HP: 1/81 [harpy (13)]
 30586 | Shoals:1 | Slain by a water elemental

Skill      XL: |  1  2  3  4  5  6  7  8  9 10 11 12 13 14 |
---------------+-------------------------------------------+-----
Fighting       | 1 2 |  2.0
Poison Magic   | 1 3 |  3.6
Conjurations   | 2 3 4 5 6 7 |  7.6
Spellcasting   | 4 6 8 10 11 12 13 | 13.2
Summonings     | 2 4 5 6 9 11 | 11.3
Ice Magic      | 1 3 4 6 |  6.0
Air Magic      | 2 5 |  5.0
Invocations    | 5 |  5.0
Shields        | 4 6 |  6.0
Translocations | 2 |  2.0
Dodging        | 4 7 |  7.0
Charms         | 2 7 |  7.0
Stealth        | |  2.6

Action                   |  1- 3 |  4- 6 |  7- 9 | 10-12 | 13-15 || total
-------------------------+-------+-------+-------+-------+-------++-------
Melee: Short sword       |    64 |    59 |       |       |       ||   123
       Unarmed           |     4 |       |       |       |       ||     4
       Constrict         |    17 |    28 |    82 |    61 |    35 ||   223
       Tentacles         |    11 |    13 |    57 |    65 |    19 ||   165
       Falchion          |       |    39 |   116 |       |       ||   155
       Long sword        |       |       |   161 |    30 |       ||   191
       Morningstar       |       |       |       |   142 |   118 ||   260
       Flail             |       |       |       |   115 |       ||   115
       Demon whip        |       |       |       |       |    33 ||    33
 Cast: Call Imp          |     7 |    26 |    17 |       |       ||    50
       Magic Dart        |     3 |    10 |    29 |    12 |     6 ||    60
       Mephitic Cloud    |       |     7 |    45 |    66 |    15 ||   133
       Blink             |       |     9 |    23 |    46 |    25 ||   103
       Summon Ice Beast  |       |       |    31 |    58 |    56 ||   145
       Summon Lightning  |       |       |    15 |    54 |    32 ||   101
       Throw Icicle      |       |       |     1 |   169 |    98 ||   268
       Deflect Missiles  |       |       |       |       |     1 ||     1
       Summon Forest     |       |       |       |       |     6 ||     6
Invok: Divine Energy     |       |     1 |       |       |       ||     1
       Channel Magic     |       |       |       |     6 |     2 ||     8
       Stop Divine Energ |       |       |       |       |     1 ||     1
Evoke: Wand              |       |     1 |     3 |     5 |     3 ||    12
  Use: Scroll            |     6 |     7 |     5 |    20 |     8 ||    46
       Potion            |       |       |     4 |     1 |     1 ||     6
 Stab: Sleeping          |     7 |     5 |     2 |     1 |     1 ||    16
       Confused          |       |     4 |    18 |    16 |     7 ||    45
       Distracted        |       |       |     1 |       |       ||     1
  Eat: Chunk             |     2 |     8 |    25 |    47 |    19 ||   101
       Royal jelly       |       |     1 |       |       |       ||     1
       Meat ration       |       |       |     1 |     1 |       ||     2
       Fruit             |       |       |     2 |     2 |     1 ||     5
Armor: Skin              |     4 |    11 |    36 |    27 |     6 ||    84
Dodge: Dodged            |    39 |    51 |   227 |   186 |   100 ||   603
       Deflected         |       |       |       |       |     1 ||     1
Block: Buckler           |       |       |       |    62 |    73 ||   135
       Rpst.: Falchion   |       |     9 |    29 |       |       ||    38
       Long sword        |       |       |    39 |     7 |       ||    46
